Winnipeg Jets vs Montreal Canadiens
Created - Friday, October 18, 2024 at 08:28
Goals
|
| Winnipeg Jets |
1 |
0 |
1 |
0 |
3 |
3 |
| Montreal Canadiens |
0 |
2 |
0 |
0 |
2 |
2 |
|
Shots
|
| Winnipeg Jets |
8 |
12 |
10 |
0 |
4 |
30 |
| Montreal Canadiens |
13 |
5 |
13 |
0 |
4 |
31 |
|
1st period
1. Winnipeg Jets , Joel Armia 6 (Dylan Samberg 3, Sam Steel 4) at 16:16
Penalties :
Jason Zucker (WPG) for Cross-checking (Minor) at 9:30, Jason Zucker (WPG) for High sticking (Minor) at 18:18
2nd period
2. Montreal Canadiens , Vincent Trocheck 19 (Dylan Larkin 32) at 1:28 (SH)
3. Montreal Canadiens , Evgeni Dadonov 3 (Adam Fox 12, Vasili Ponomarev 1) at 16:56
Penalties :
Tyler Myers (MTL) for Tripping (Minor) at 1:22, Barclay Goodrow (WPG) for Holding (Minor) at 9:31, Tom Wilson (WPG) for Interference (Minor) at 17:34
3rd period
4. Winnipeg Jets , Dylan Samberg 1 (Tom Wilson 16, Connor McDavid 35) at 17:47
Penalties :
Damon Severson (MTL) for Roughing (Minor) at 3:26, Andre Burakovsky (WPG) for High sticking (Minor) at 6:33, Barclay Goodrow (WPG) for Holding (Minor) at 19:49
Overtime #1
No Goal
Penalties :
No Penalty
Shootout
Winnipeg Jets, Connor McDavid - Goal!
Montreal Canadiens, Patrik Laine - Goal!
Winnipeg Jets, Connor Bedard - Goal!
Montreal Canadiens, Vincent Trocheck - Stopped by Ukko-Pekka Luukkonen
Winnipeg Jets, Alexis Lafreniere - Stopped by Jet Greaves
Montreal Canadiens, Martin Necas - Goal!
Winnipeg Jets, Tom Wilson - Goal!
Montreal Canadiens, Jonathan Marchessault - Shot Misses the Net
Penalties :
No Penalty
Goalie Stats
Ukko-Pekka Luukkonen (WPG), 29 saves from 31 shots - (0.935), W, 18-14-6, 65:00 minutes
Jet Greaves (MTL), 28 saves from 30 shots - (0.933), OTL, 1-0-1, 65:00 minutes
Players Stats for Winnipeg Jets
Player Name G A P +/- PIM S H SB GA TA FO MP PP MP PK MP
------------------------------------------------------------------------------------
Adam Lowry 0 0 0 0 0 3 3 1 0 0 6/9 14:15 0:15 0:00
Alexis Lafreniere 0 0 0 -1 0 2 0 1 0 0 3/6 20:22 1:52 4:50
Andre Burakovsky 0 0 0 0 2 1 0 0 1 0 0/0 11:35 0:00 0:00
Barclay Goodrow 0 0 0 0 4 2 1 1 0 1 0/1 13:26 0:00 0:07
Brayden Pachal 0 0 0 0 0 1 1 0 0 2 0/0 18:14 0:00 5:10
Connor Bedard 0 0 0 0 0 2 0 1 0 1 3/12 20:00 1:55 5:48
Connor McDavid 0 1 1 -1 0 0 2 1 0 0 7/23 20:16 1:52 5:26
Dylan Samberg 1 1 2 1 0 2 3 3 0 1 0/0 22:42 2:01 5:59
Jason Zucker 0 0 0 0 4 2 2 0 1 0 0/0 13:54 0:11 0:53
Joel Armia 1 0 1 1 0 2 0 0 1 1 0/0 10:00 1:51 0:00
Mason Appleton 0 0 0 0 0 1 1 0 0 0 0/0 14:45 1:51 0:00
Nate Schmidt 0 0 0 0 0 0 0 1 1 0 0/0 23:01 2:01 0:49
Olen Zellweger 0 0 0 -1 0 2 0 0 0 3 0/0 22:24 1:57 5:55
Oliver Kylington 0 0 0 -1 0 1 0 2 0 0 0/0 28:06 1:57 5:55
Olli Maatta 0 0 0 1 0 1 0 2 0 1 0/0 15:33 0:00 0:00
Ridly Greig 0 0 0 1 0 0 2 1 0 0 1/4 10:04 0:15 0:00
Sam Steel 0 1 1 1 0 3 0 0 0 0 0/1 9:47 0:00 0:54
Tom Wilson 0 1 1 -1 2 5 2 0 0 0 0/1 19:36 1:52 4:01
Players Stats for Montreal Canadiens
Player Name G A P +/- PIM S H SB GA TA FO MP PP MP PK MP
------------------------------------------------------------------------------------
Adam Fox 0 1 1 2 0 3 2 0 0 0 0/0 24:51 5:00 2:21
Aliaksei Protas 0 0 0 -1 0 3 0 1 1 0 0/0 14:01 0:00 1:54
Brady Skjei 0 0 0 1 0 1 1 2 0 0 0/0 23:39 5:00 2:06
Damon Severson 0 0 0 1 2 2 0 0 0 1 0/0 21:14 5:05 0:00
Dylan Larkin 0 1 1 0 0 2 1 0 1 0 14/21 22:39 5:02 1:48
Evgeni Dadonov 1 0 1 1 0 1 0 0 0 0 0/1 11:08 0:10 0:16
Ilya Lyubushkin 0 0 0 0 0 1 1 0 0 0 0/0 13:27 0:00 0:42
Jaden Schwartz 0 0 0 -1 0 0 1 0 0 0 0/1 11:18 0:00 0:00
Jake Evans 0 0 0 0 0 0 1 1 0 0 9/12 13:21 0:00 1:54
Jonathan Marchessault 0 0 0 -1 0 2 3 0 0 1 0/0 20:25 4:52 0:00
Luke Glendening 0 0 0 -1 0 0 0 0 0 0 4/7 10:51 0:00 0:00
Martin Necas 0 0 0 0 0 6 1 1 4 0 0/1 16:46 5:03 0:00
Patrik Laine 0 0 0 0 0 3 0 0 1 0 1/1 19:20 5:03 0:16
Ryan Lindgren 0 0 0 -2 0 1 3 1 0 1 0/0 19:39 0:00 1:52
Tyler Myers 0 0 0 -2 2 1 1 1 0 0 0/0 27:27 5:05 0:55
Vasili Ponomarev 0 1 1 1 0 1 0 0 0 0 6/10 14:07 5:03 0:00
Vincent Trocheck 1 0 1 0 0 3 3 3 2 0 3/3 22:35 5:02 1:48
Vladislav Namestnikov 0 0 0 1 0 1 1 1 1 1 0/0 9:12 0:00 0:00
3 Stars
1 - Dylan Samberg (WPG)
2 - Vincent Trocheck (MTL)
3 - Joel Armia (WPG)
Power Play
Winnipeg Jets - 0 on 2 Attempt(s) - 0.00%
Montreal Canadiens - 0 on 6 Attempt(s) - 0.00%
Penalty Kill
Winnipeg Jets - 6 on 6 Attempt(s) - 100.00%
- Score 0 goal in Penalty Kill
Montreal Canadiens - 2 on 2 Attempt(s) - 100.00%
- Score 1 goal in Penalty Kill
Team Stat
Winnipeg Jets - Hits : 17 - Faceoff Wins : 20 - Blocked Shots : 14 - Penalty Minutes : 12
Montreal Canadiens - Hits : 19 - Faceoff Wins : 37 - Blocked Shots : 11 - Penalty Minutes : 4
Official
Referees : Graham Skilliter and Cody Beach
Linesman : Brad Kovachik and Ryan Galloway
Game Notes
No Game Note
Finance
Level 1 -- Attendance: 6000 (100.00%) -- Ticket Income $558,000
Level 2 -- Attendance: 5000 (100.00%) -- Ticket Income $265,000
Level 3 -- Attendance: 2868 (95.60%) -- Ticket Income $91,776
Level 4 -- Attendance: 4700 (94.00%) -- Ticket Income $103,400
Luxury Box -- Attendance: 825 (82.50%) -- Ticket Income $160,875
Game was played at the Bell Centre.
Total Attendance: 19393 (96.97%)
Total Ticket Income: $1,179,051
Other Income: $412,668
Total Income: $1,591,719
Winnipeg Jets
5 vs 5 Forward
Center Left Wing Right Wing Time % Phy DF OF
1 Connor McDavid Alexis Lafreniere Tom Wilson 30 1 2 2
2 Connor Bedard Andre Burakovsky Jason Zucker 30 1 2 2
3 Adam Lowry Barclay Goodrow Mason Appleton 25 1 2 2
4 Ridly Greig Sam Steel Joel Armia 15 1 2 2
5 vs 5 Defense
Defense Defense Time % Phy DF OF
1 Nate Schmidt Oliver Kylington 30 1 2 2
2 Olli Maatta Dylan Samberg 30 1 2 2
3 Brayden Pachal Olen Zellweger 25 1 2 2
4 Nate Schmidt Oliver Kylington 15 1 2 2
PowerPlay Forward
Center Left Wing Right Wing Time % Phy DF OF
1 Connor McDavid Alexis Lafreniere Tom Wilson 50 1 2 2
2 Connor Bedard Joel Armia Mason Appleton 50 1 2 2
PowerPlay Defense
Defense Defense Time % Phy DF OF
1 Oliver Kylington Olen Zellweger 50 1 2 2
2 Nate Schmidt Dylan Samberg 50 1 2 2
Penalty Kill 4 Players Forward
Center Wing Time % Phy DF OF
1 Connor McDavid Connor Bedard 50 1 2 2
2 Alexis Lafreniere Tom Wilson 50 1 2 2
Penalty Kill 4 Players Defense
Defense Defense Time % Phy DF OF
1 Olen Zellweger Oliver Kylington 50 1 2 2
2 Dylan Samberg Brayden Pachal 50 1 2 2
Penalty Kill - 3 Players Forward
Forward Time % Phy DF OF
1 Connor McDavid 50 1 2 2
2 Connor Bedard 50 1 2 2
Penalty Kill - 3 Players Defense
Defense Defense Time % Phy DF OF
1 Olen Zellweger Oliver Kylington 50 1 2 2
2 Nate Schmidt Dylan Samberg 50 1 2 2
4 vs 4 Forward
Center Wing Time % Phy DF OF
1 Connor McDavid Connor Bedard 50 1 2 2
2 Alexis Lafreniere Tom Wilson 50 1 2 2
4 vs 4 Defense
Defense Defense Time % Phy DF OF
1 Nate Schmidt Oliver Kylington 50 1 2 2
2 Brayden Pachal Olen Zellweger 50 1 2 2
Last Minutes Offensive
Center Left Wing Right Wing Defense Defense
Connor McDavid Alexis Lafreniere Tom Wilson Nate Schmidt Olen Zellweger
Last Minutes Defensive
Center Left Wing Right Wing Defense Defense
Connor McDavid Alexis Lafreniere Tom Wilson Nate Schmidt Oliver Kylington
Goaltenders
Starting : Ukko-Pekka Luukkonen
Backup : Martin Jones
Extra Forwards
Normal : Ridly Greig, Adam Lowry, Jason Zucker - PP : Ridly Greig, Adam Lowry - PK : Jason Zucker
Extra Defensemen
Normal : Brayden Pachal, Olen Zellweger, Dylan Samberg - PP : Brayden Pachal - PK : Olen Zellweger, Dylan Samberg
Penalty Shots
Connor McDavid, Connor Bedard, Alexis Lafreniere, Tom Wilson, Adam Lowry
Scratches
Cam Atkinson (Healthy), Oliver Ekman-Larsson (Healthy)
Montreal Canadiens
5 vs 5 Forward
Center Left Wing Right Wing Time % Phy DF OF
1 Dylan Larkin Jonathan Marchessault Vincent Trocheck 35 0 3 2
2 Jake Evans Patrik Laine Martin Necas 30 0 3 2
3 Luke Glendening Jaden Schwartz Aliaksei Protas 20 0 3 2
4 Vasili Ponomarev Vladislav Namestnikov Evgeni Dadonov 15 0 3 2
5 vs 5 Defense
Defense Defense Time % Phy DF OF
1 Adam Fox Damon Severson 33 1 4 0
2 Tyler Myers Ryan Lindgren 33 1 4 0
3 Brady Skjei Ilya Lyubushkin 24 1 4 0
4 Tyler Myers Brady Skjei 10 1 4 0
PowerPlay Forward
Center Left Wing Right Wing Time % Phy DF OF
1 Dylan Larkin Jonathan Marchessault Vincent Trocheck 50 0 0 5
2 Vasili Ponomarev Patrik Laine Martin Necas 50 0 0 5
PowerPlay Defense
Defense Defense Time % Phy DF OF
1 Adam Fox Brady Skjei 50 0 0 5
2 Tyler Myers Damon Severson 50 0 0 5
Penalty Kill 4 Players Forward
Center Wing Time % Phy DF OF
1 Dylan Larkin Vincent Trocheck 50 0 5 0
2 Jake Evans Aliaksei Protas 50 0 5 0
Penalty Kill 4 Players Defense
Defense Defense Time % Phy DF OF
1 Adam Fox Ryan Lindgren 50 0 5 0
2 Tyler Myers Brady Skjei 50 0 5 0
Penalty Kill - 3 Players Forward
Forward Time % Phy DF OF
1 Vincent Trocheck 50 0 5 0
2 Dylan Larkin 50 0 5 0
Penalty Kill - 3 Players Defense
Defense Defense Time % Phy DF OF
1 Adam Fox Ryan Lindgren 50 0 5 0
2 Tyler Myers Brady Skjei 50 0 5 0
4 vs 4 Forward
Center Wing Time % Phy DF OF
1 Vincent Trocheck Jonathan Marchessault 50 1 2 2
2 Dylan Larkin Patrik Laine 50 1 2 2
4 vs 4 Defense
Defense Defense Time % Phy DF OF
1 Adam Fox Brady Skjei 50 1 2 2
2 Tyler Myers Damon Severson 50 1 2 2
Last Minutes Offensive
Center Left Wing Right Wing Defense Defense
Dylan Larkin Jonathan Marchessault Vincent Trocheck Adam Fox Brady Skjei
Last Minutes Defensive
Center Left Wing Right Wing Defense Defense
Dylan Larkin Luke Glendening Vincent Trocheck Adam Fox Ryan Lindgren
Goaltenders
Starting : Jet Greaves
Backup : Jacob Markstrom
Extra Forwards
Normal : Vincent Trocheck, Dylan Larkin, Patrik Laine - PP : Martin Necas, Patrik Laine - PK : Jake Evans
Extra Defensemen
Normal : Adam Fox, Brady Skjei, Damon Severson - PP : Adam Fox - PK : Adam Fox, Brady Skjei
Penalty Shots
Patrik Laine, Vincent Trocheck, Martin Necas, Jonathan Marchessault, Damon Severson
Scratches
Juraj Slafkovsky (Healthy), Alexandre Carrier (Healthy), David Rittich (Bruised Left Leg Injury)
% Time on Ice - Winnipeg Jets
Lines # - Real PCT - Wanted PCT - Time Play
Normal Forward
1 - 27% - 30% - 12:11
2 - 28% - 30% - 12:43
3 - 28% - 25% - 12:54
4 - 18% - 15% - 8:09
Normal Defense
1 - 31% - 30% - 14:06
2 - 32% - 30% - 14:47
3 - 25% - 25% - 11:34
4 - 12% - 15% - 5:30
PP Forward
1 - 47% - 50% - 1:52
2 - 53% - 50% - 2:06
PP Defense
1 - 49% - 50% - 1:57
2 - 51% - 50% - 2:01
PK Forward
1 - 45% - 50% - 4:31
2 - 55% - 50% - 5:34
PK Defense
1 - 49% - 50% - 4:55
2 - 51% - 50% - 5:10
PK3 Forward
1 - 53% - 50% - 0:58
2 - 47% - 50% - 0:51
PK3 Defense
1 - 55% - 50% - 1:00
2 - 45% - 50% - 0:49
44 Forward
1 - 36% - 50% - 1:09
2 - 64% - 50% - 2:02
44 Defense
1 - 38% - 50% - 1:13
2 - 62% - 50% - 1:58
Last Minute Offensive - 0:00
Last Minute Defensive - 0:00
Total
Forward - 65:00
Defense - 65:00
|
% Time on Ice - Montreal Canadiens
Lines # - Real PCT - Wanted PCT - Time Play
Normal Forward
1 - 30% - 35% - 13:52
2 - 26% - 30% - 12:02
3 - 24% - 20% - 10:51
4 - 20% - 15% - 9:12
Normal Defense
1 - 35% - 33% - 16:03
2 - 35% - 33% - 16:18
3 - 23% - 24% - 10:47
4 - 6% - 10% - 2:49
PP Forward
1 - 50% - 50% - 5:02
2 - 50% - 50% - 5:03
PP Defense
1 - 50% - 50% - 5:00
2 - 50% - 50% - 5:05
PK Forward
1 - 45% - 50% - 1:48
2 - 55% - 50% - 2:10
PK Defense
1 - 47% - 50% - 1:52
2 - 53% - 50% - 2:06
PK3 Forward
1 - 0% - 50%
2 - 0% - 50%
PK3 Defense
1 - 0% - 50%
2 - 0% - 50%
44 Forward
1 - 44% - 50% - 2:12
2 - 56% - 50% - 2:48
44 Defense
1 - 52% - 50% - 2:37
2 - 48% - 50% - 2:23
Last Minute Offensive - 0:00
Last Minute Defensive - 0:00
Total
Forward - 65:00
Defense - 65:00
|
Play-by-Play
1st period
0:01 of 1st period - Dylan Larkin wins face-off versus Connor McDavid in neutral zone.
0:04 of 1st period - Oliver Kylington is hit by Jonathan Marchessault and loses puck.
0:27 of 1st period - Jason Zucker is hit by Jake Evans and loses puck.
0:32 of 1st period - Wrist shot by Patrik Laine.
0:32 of 1st period - Shot Misses the Net.
0:52 of 1st period - Snap shot by Mason Appleton.
0:52 of 1st period - Shot Misses the Net.
0:54 of 1st period - Snap shot by Barclay Goodrow.
0:54 of 1st period - Stopped by Jet Greaves without a rebound.
0:55 of 1st period - Adam Lowry wins face-off versus Vasili Ponomarev in Montreal Canadiens zone.
0:58 of 1st period - Wrist shot by Adam Lowry.
0:58 of 1st period - Shot Misses the Net.
1:06 of 1st period - Wrist shot by Adam Lowry.
1:06 of 1st period - Shot Blocked by Brady Skjei.
1:08 of 1st period - Snap shot by Mason Appleton.
1:08 of 1st period - Stopped by Jet Greaves with a rebound.
1:33 of 1st period - Aliaksei Protas is hit by Dylan Samberg.
2:08 of 1st period - Vincent Trocheck is hit by Ridly Greig and loses puck.
2:20 of 1st period - Icing by Brayden Pachal.
2:21 of 1st period - Jake Evans wins face-off versus Sam Steel in Winnipeg Jets zone.
2:53 of 1st period - Snap shot by Jonathan Marchessault.
2:53 of 1st period - Stopped by Ukko-Pekka Luukkonen without a rebound.
2:54 of 1st period - Vasili Ponomarev wins face-off versus Connor McDavid in Winnipeg Jets zone.
4:09 of 1st period - Martin Necas is hit by Barclay Goodrow and loses puck.
4:50 of 1st period - Icing by Olen Zellweger.
4:51 of 1st period - Dylan Larkin wins face-off versus Connor Bedard in Winnipeg Jets zone.
4:52 of 1st period - Slapshot by Vincent Trocheck.
4:52 of 1st period - Shot Blocked by Connor Bedard.
5:06 of 1st period - Snap shot by Vincent Trocheck.
5:06 of 1st period - Stopped by Ukko-Pekka Luukkonen with a rebound.
5:08 of 1st period - Snap shot by Dylan Larkin.
5:08 of 1st period - Stopped by Ukko-Pekka Luukkonen with a rebound.
6:45 of 1st period - Slapshot by Alexis Lafreniere.
6:45 of 1st period - Stopped by Jet Greaves without a rebound.
6:46 of 1st period - Jake Evans wins face-off versus Alexis Lafreniere in Montreal Canadiens zone.
7:12 of 1st period - Wrist shot by Patrik Laine.
7:12 of 1st period - Shot Misses the Net.
7:14 of 1st period - Wrist shot by Martin Necas.
7:14 of 1st period - Stopped by Ukko-Pekka Luukkonen with a rebound.
7:16 of 1st period - Slapshot by Ilya Lyubushkin.
7:16 of 1st period - Stopped by Ukko-Pekka Luukkonen with a rebound.
7:18 of 1st period - Slapshot by Brady Skjei.
7:18 of 1st period - Stopped by Ukko-Pekka Luukkonen with a rebound.
8:19 of 1st period - Snap shot by Martin Necas.
8:19 of 1st period - Stopped by Ukko-Pekka Luukkonen without a rebound.
8:20 of 1st period - Dylan Larkin wins face-off versus Connor Bedard in Winnipeg Jets zone.
9:17 of 1st period - Off-side.
9:18 of 1st period - Vincent Trocheck wins face-off versus Connor Bedard in neutral zone.
9:30 of 1st period - Minor Penalty to Jason Zucker for Cross-checking.
9:31 of 1st period - Dylan Larkin wins face-off versus Connor McDavid in Winnipeg Jets zone.
9:39 of 1st period - Wrist shot by Vincent Trocheck.
9:39 of 1st period - Shot Misses the Net.
9:41 of 1st period - Slapshot by Brady Skjei.
9:41 of 1st period - Deflect By Vincent Trocheck.
9:41 of 1st period - Shot Blocked by Oliver Kylington.
9:41 of 1st period - Puck is out of play.
9:42 of 1st period - Alexis Lafreniere wins face-off versus Vasili Ponomarev in Winnipeg Jets zone.
10:11 of 1st period - Snap shot by Alexis Lafreniere.
10:11 of 1st period - Stopped by Jet Greaves without a rebound.
10:12 of 1st period - Dylan Larkin wins face-off versus Alexis Lafreniere in Montreal Canadiens zone.
10:29 of 1st period - Snap shot by Dylan Larkin.
10:29 of 1st period - Stopped by Ukko-Pekka Luukkonen with a rebound.
11:30 of 1st period - Penalty to Jason Zucker is over, Jason Zucker is back on ice.
12:31 of 1st period - Oliver Kylington is hit by Tyler Myers and loses puck.
13:12 of 1st period - Sam Steel is hit by Vincent Trocheck and loses puck.
13:51 of 1st period - Snap shot by Vasili Ponomarev.
13:51 of 1st period - Stopped by Ukko-Pekka Luukkonen without a rebound.
13:52 of 1st period - Adam Lowry wins face-off versus Dylan Larkin in Winnipeg Jets zone.
14:20 of 1st period - Snap shot by Martin Necas.
14:20 of 1st period - Stopped by Ukko-Pekka Luukkonen with a rebound.
14:22 of 1st period - Slapshot by Patrik Laine.
14:22 of 1st period - Deflect By Martin Necas.
14:22 of 1st period - Stopped by Ukko-Pekka Luukkonen without a rebound.
14:23 of 1st period - Connor Bedard wins face-off versus Luke Glendening in Winnipeg Jets zone.
15:40 of 1st period - Damon Severson is hit by Brayden Pachal.
15:46 of 1st period - Andre Burakovsky is hit by Vladislav Namestnikov and loses puck.
16:00 of 1st period - Off-side.
16:01 of 1st period - Ridly Greig wins face-off versus Luke Glendening in neutral zone.
16:04 of 1st period - Slapshot by Joel Armia.
16:04 of 1st period - Shot Blocked by Tyler Myers.
16:06 of 1st period - Wrist shot by Sam Steel.
16:06 of 1st period - Stopped by Jet Greaves with a rebound.
16:08 of 1st period - Snap shot by Ridly Greig.
16:08 of 1st period - Shot Misses the Net.
16:10 of 1st period - Snap shot by Sam Steel.
16:10 of 1st period - Shot Blocked by Aliaksei Protas.
16:12 of 1st period - Slapshot by Dylan Samberg.
16:12 of 1st period - Deflect By Ryan Lindgren.
16:12 of 1st period - Stopped by Jet Greaves with a rebound.
16:14 of 1st period - Snap shot by Joel Armia.
16:14 of 1st period - Stopped by Jet Greaves with a rebound.
16:16 of 1st period - Snap shot by Joel Armia.
16:16 of 1st period - Goal by Joel Armia - Winnipeg Jets : 1 - Montreal Canadiens : 0.
16:17 of 1st period - Dylan Larkin wins face-off versus Connor Bedard in neutral zone.
16:22 of 1st period - Snap shot by Dylan Larkin.
16:22 of 1st period - Shot Misses the Net.
16:39 of 1st period - Connor Bedard is hit by Ryan Lindgren and loses puck.
16:49 of 1st period - Off-side.
16:50 of 1st period - Jake Evans wins face-off versus Connor McDavid in neutral zone.
17:39 of 1st period - Ridly Greig is hit by Vincent Trocheck and loses puck.
17:50 of 1st period - Snap shot by Vincent Trocheck.
17:50 of 1st period - Stopped by Ukko-Pekka Luukkonen with a rebound.
18:06 of 1st period - Wrist shot by Aliaksei Protas.
18:06 of 1st period - Stopped by Ukko-Pekka Luukkonen with a rebound.
18:12 of 1st period - Wrist shot by Aliaksei Protas.
18:12 of 1st period - Shot Misses the Net.
18:18 of 1st period - Minor Penalty to Jason Zucker for High sticking.
18:19 of 1st period - Alexis Lafreniere wins face-off versus Vasili Ponomarev in Winnipeg Jets zone.
Goals for this period are 1 for Winnipeg Jets vs 0 for Montreal Canadiens.
Shots for this period are 8 for Winnipeg Jets vs 13 for Montreal Canadiens.
2nd period
0:01 of 2nd period - Vasili Ponomarev wins face-off versus Alexis Lafreniere in neutral zone.
0:05 of 2nd period - Off-side.
0:06 of 2nd period - Alexis Lafreniere wins face-off versus Vasili Ponomarev in neutral zone.
0:18 of 2nd period - Penalty to Jason Zucker is over, Jason Zucker is back on ice.
0:23 of 2nd period - Snap shot by Tom Wilson.
0:23 of 2nd period - Stopped by Jet Greaves with a rebound.
0:25 of 2nd period - Slapshot by Oliver Kylington.
0:25 of 2nd period - Stopped by Jet Greaves with a rebound.
0:27 of 2nd period - Slapshot by Oliver Kylington.
0:27 of 2nd period - Deflect By Tom Wilson.
0:27 of 2nd period - Stopped by Jet Greaves with a rebound.
0:29 of 2nd period - Snap shot by Jason Zucker.
0:29 of 2nd period - Shot Misses the Net.
0:31 of 2nd period - Snap shot by Alexis Lafreniere.
0:31 of 2nd period - Shot Misses the Net.
0:33 of 2nd period - Wrist shot by Jason Zucker.
0:33 of 2nd period - Stopped by Jet Greaves with a rebound.
0:35 of 2nd period - Snap shot by Tom Wilson.
0:35 of 2nd period - Deflect By Jason Zucker.
0:35 of 2nd period - Shot Blocked by Brady Skjei.
0:35 of 2nd period - Puck is out of play.
0:36 of 2nd period - Adam Lowry wins face-off versus Dylan Larkin in Montreal Canadiens zone.
0:49 of 2nd period - Wrist shot by Adam Lowry.
0:49 of 2nd period - Stopped by Jet Greaves with a rebound.
1:16 of 2nd period - Slapshot by Connor Bedard.
1:16 of 2nd period - Stopped by Jet Greaves with a rebound.
1:22 of 2nd period - Minor Penalty to Tyler Myers for Tripping.
1:23 of 2nd period - Dylan Larkin wins face-off versus Tom Wilson in Montreal Canadiens zone.
1:28 of 2nd period - Slapshot by Vincent Trocheck.
1:28 of 2nd period - Goal by Vincent Trocheck - Winnipeg Jets : 1 - Montreal Canadiens : 1.
1:29 of 2nd period - Jake Evans wins face-off versus Connor Bedard in neutral zone.
1:55 of 2nd period - Mason Appleton is hit by Ryan Lindgren and loses puck.
2:22 of 2nd period - Olen Zellweger is hit by Ilya Lyubushkin and loses puck.
3:06 of 2nd period - Adam Fox is hit by Connor McDavid and loses puck.
3:22 of 2nd period - Penalty to Tyler Myers is over, Tyler Myers is back on ice.
4:26 of 2nd period - Snap shot by Adam Fox.
4:26 of 2nd period - Shot Misses the Net.
4:28 of 2nd period - Slapshot by Damon Severson.
4:28 of 2nd period - Shot Blocked by Alexis Lafreniere.
5:20 of 2nd period - Tyler Myers is hit by Connor McDavid and loses puck.
5:30 of 2nd period - Off-side.
5:31 of 2nd period - Vincent Trocheck wins face-off versus Connor Bedard in neutral zone.
5:38 of 2nd period - Wrist shot by Vincent Trocheck.
5:38 of 2nd period - Shot Blocked by Dylan Samberg.
6:03 of 2nd period - Slapshot by Alexis Lafreniere.
6:03 of 2nd period - Shot Blocked by Jake Evans.
6:15 of 2nd period - Wrist shot by Vladislav Namestnikov.
6:15 of 2nd period - Shot Misses the Net.
6:44 of 2nd period - Slapshot by Jonathan Marchessault.
6:44 of 2nd period - Stopped by Ukko-Pekka Luukkonen without a rebound.
6:45 of 2nd period - Dylan Larkin wins face-off versus Ridly Greig in Winnipeg Jets zone.
6:58 of 2nd period - Wrist shot by Vincent Trocheck.
6:58 of 2nd period - Shot Blocked by Dylan Samberg.
7:00 of 2nd period - Slapshot by Adam Fox.
7:00 of 2nd period - Stopped by Ukko-Pekka Luukkonen without a rebound.
7:01 of 2nd period - Jake Evans wins face-off versus Connor McDavid in Winnipeg Jets zone.
7:53 of 2nd period - Ridly Greig is hit by Ryan Lindgren and loses puck.
8:13 of 2nd period - Icing by Ridly Greig.
8:14 of 2nd period - Dylan Larkin wins face-off versus Barclay Goodrow in Winnipeg Jets zone.
9:12 of 2nd period - Wrist shot by Connor Bedard.
9:12 of 2nd period - Shot Misses the Net.
9:14 of 2nd period - Slapshot by Brayden Pachal.
9:14 of 2nd period - Stopped by Jet Greaves with a rebound.
9:16 of 2nd period - Snap shot by Olen Zellweger.
9:16 of 2nd period - Stopped by Jet Greaves without a rebound.
9:17 of 2nd period - Adam Lowry wins face-off versus Dylan Larkin in Montreal Canadiens zone.
9:31 of 2nd period - Minor Penalty to Barclay Goodrow for Holding.
9:32 of 2nd period - Connor McDavid wins face-off versus Dylan Larkin in Winnipeg Jets zone.
10:17 of 2nd period - Connor McDavid is hit by Brady Skjei and loses puck.
11:31 of 2nd period - Penalty to Barclay Goodrow is over, Barclay Goodrow is back on ice.
14:43 of 2nd period - Snap shot by Sam Steel.
14:43 of 2nd period - Shot Misses the Net.
15:11 of 2nd period - Wrist shot by Dylan Larkin.
15:11 of 2nd period - Shot Misses the Net.
15:17 of 2nd period - Damon Severson is hit by Adam Lowry and loses puck.
15:26 of 2nd period - Adam Fox is hit by Mason Appleton and loses puck.
15:37 of 2nd period - Adam Lowry is hit by Adam Fox and loses puck.
15:44 of 2nd period - Dylan Larkin is hit by Adam Lowry.
15:48 of 2nd period - Slapshot by Adam Lowry.
15:48 of 2nd period - Stopped by Jet Greaves without a rebound.
15:49 of 2nd period - Jake Evans wins face-off versus Connor McDavid in Montreal Canadiens zone.
15:59 of 2nd period - Off-side.
16:00 of 2nd period - Patrik Laine wins face-off versus Connor McDavid in neutral zone.
16:29 of 2nd period - Snap shot by Andre Burakovsky.
16:29 of 2nd period - Stopped by Jet Greaves with a rebound.
16:33 of 2nd period - Snap shot by Jason Zucker.
16:33 of 2nd period - Stopped by Jet Greaves with a rebound.
16:35 of 2nd period - Slapshot by Nate Schmidt.
16:35 of 2nd period - Deflect By Connor Bedard.
16:35 of 2nd period - Stopped by Jet Greaves with a rebound.
16:50 of 2nd period - Off-side.
16:51 of 2nd period - Vasili Ponomarev wins face-off versus Connor McDavid in neutral zone.
16:56 of 2nd period - Snap shot by Evgeni Dadonov.
16:56 of 2nd period - Goal by Evgeni Dadonov - Winnipeg Jets : 1 - Montreal Canadiens : 2.
16:57 of 2nd period - Connor McDavid wins face-off versus Dylan Larkin in neutral zone.
17:34 of 2nd period - Minor Penalty to Tom Wilson for Interference.
17:35 of 2nd period - Vasili Ponomarev wins face-off versus Connor McDavid in Winnipeg Jets zone.
17:45 of 2nd period - Slapshot by Adam Fox.
17:45 of 2nd period - Stopped by Ukko-Pekka Luukkonen with a rebound.
18:09 of 2nd period - Snap shot by Dylan Larkin.
18:09 of 2nd period - Shot Misses the Net.
19:34 of 2nd period - Penalty to Tom Wilson is over, Tom Wilson is back on ice.
Goals for this period are 0 for Winnipeg Jets vs 2 for Montreal Canadiens.
Shots for this period are 12 for Winnipeg Jets vs 5 for Montreal Canadiens.
3rd period
0:01 of 3rd period - Jake Evans wins face-off versus Connor McDavid in neutral zone.
0:26 of 3rd period - Andre Burakovsky is hit by Jonathan Marchessault and loses puck.
0:31 of 3rd period - Snap shot by Jonathan Marchessault.
0:31 of 3rd period - Deflect By Dylan Larkin.
0:31 of 3rd period - Shot Misses the Net.
0:31 of 3rd period - Puck is out of play.
0:32 of 3rd period - Dylan Larkin wins face-off versus Connor Bedard in Winnipeg Jets zone.
0:37 of 3rd period - Wrist shot by Vincent Trocheck.
0:37 of 3rd period - Shot Blocked by Dylan Samberg.
0:39 of 3rd period - Wrist shot by Damon Severson.
0:39 of 3rd period - Shot Blocked by Olli Maatta.
0:41 of 3rd period - Slapshot by Damon Severson.
0:41 of 3rd period - Stopped by Ukko-Pekka Luukkonen with a rebound.
0:43 of 3rd period - Wrist shot by Vincent Trocheck.
0:43 of 3rd period - Shot Blocked by Olli Maatta.
0:45 of 3rd period - Slapshot by Damon Severson.
0:45 of 3rd period - Stopped by Ukko-Pekka Luukkonen without a rebound.
0:46 of 3rd period - Connor McDavid wins face-off versus Jake Evans in Winnipeg Jets zone.
0:51 of 3rd period - Wrist shot by Alexis Lafreniere.
0:51 of 3rd period - Shot Misses the Net.
0:53 of 3rd period - Wrist shot by Connor McDavid.
0:53 of 3rd period - Deflect By Tom Wilson.
0:53 of 3rd period - Shot Misses the Net.
0:53 of 3rd period - Puck is out of play.
0:54 of 3rd period - Jake Evans wins face-off versus Connor McDavid in Montreal Canadiens zone.
1:03 of 3rd period - Wrist shot by Alexis Lafreniere.
1:03 of 3rd period - Shot Misses the Net.
1:07 of 3rd period - Wrist shot by Tom Wilson.
1:07 of 3rd period - Stopped by Jet Greaves without a rebound.
1:08 of 3rd period - Connor Bedard wins face-off versus Dylan Larkin in Montreal Canadiens zone.
1:43 of 3rd period - Wrist shot by Dylan Larkin.
1:43 of 3rd period - Shot Misses the Net.
1:57 of 3rd period - Backhand shot by Patrik Laine.
1:57 of 3rd period - Stopped by Ukko-Pekka Luukkonen with a rebound.
1:59 of 3rd period - Slapshot by Ryan Lindgren.
1:59 of 3rd period - Deflect By Connor McDavid.
1:59 of 3rd period - Stopped by Ukko-Pekka Luukkonen with a rebound.
2:01 of 3rd period - Wrist shot by Patrik Laine.
2:01 of 3rd period - Stopped by Ukko-Pekka Luukkonen with a rebound.
2:03 of 3rd period - Backhand shot by Ryan Lindgren.
2:03 of 3rd period - Shot Misses the Net.
2:17 of 3rd period - Aliaksei Protas is hit by Ridly Greig and loses puck.
2:24 of 3rd period - Slapshot by Tyler Myers.
2:24 of 3rd period - Stopped by Ukko-Pekka Luukkonen without a rebound.
2:25 of 3rd period - Connor Bedard wins face-off versus Jake Evans in Winnipeg Jets zone.
2:55 of 3rd period - Wrist shot by Aliaksei Protas.
2:55 of 3rd period - Stopped by Ukko-Pekka Luukkonen with a rebound.
2:57 of 3rd period - Wrist shot by Jaden Schwartz.
2:57 of 3rd period - Shot Misses the Net.
3:26 of 3rd period - Minor Penalty to Damon Severson for Roughing.
3:27 of 3rd period - Dylan Larkin wins face-off versus Connor McDavid in Montreal Canadiens zone.
3:43 of 3rd period - Snap shot by Tom Wilson.
3:43 of 3rd period - Stopped by Jet Greaves with a rebound.
5:26 of 3rd period - Penalty to Damon Severson is over, Damon Severson is back on ice.
6:33 of 3rd period - Minor Penalty to Andre Burakovsky for High sticking.
6:34 of 3rd period - Connor McDavid wins face-off versus Dylan Larkin in Winnipeg Jets zone.
6:34 of 3rd period - Connor McDavid is hit by Vincent Trocheck.
7:01 of 3rd period - Vasili Ponomarev is hit by Dylan Samberg.
8:13 of 3rd period - Dylan Samberg is hit by Dylan Larkin and loses puck.
8:33 of 3rd period - Penalty to Andre Burakovsky is over, Andre Burakovsky is back on ice.
8:44 of 3rd period - Backhand shot by Adam Fox.
8:44 of 3rd period - Stopped by Ukko-Pekka Luukkonen with a rebound.
10:06 of 3rd period - Slapshot by Jake Evans.
10:06 of 3rd period - Shot Blocked by Connor McDavid.
10:16 of 3rd period - Ridly Greig is hit by Jaden Schwartz and loses puck.
10:23 of 3rd period - Snap shot by Joel Armia.
10:23 of 3rd period - Shot Blocked by Ryan Lindgren.
10:25 of 3rd period - Snap shot by Sam Steel.
10:25 of 3rd period - Shot Blocked by Vincent Trocheck.
10:27 of 3rd period - Slapshot by Sam Steel.
10:27 of 3rd period - Shot Misses the Net.
10:45 of 3rd period - Ilya Lyubushkin is hit by Tom Wilson and loses puck.
11:04 of 3rd period - Off-side.
11:05 of 3rd period - Vasili Ponomarev wins face-off versus Connor Bedard in neutral zone.
11:25 of 3rd period - Slapshot by Connor Bedard.
11:25 of 3rd period - Shot Misses the Net.
11:27 of 3rd period - Slapshot by Olen Zellweger.
11:27 of 3rd period - Shot Misses the Net.
11:29 of 3rd period - Wrist shot by Jason Zucker.
11:29 of 3rd period - Deflect By Connor Bedard.
11:29 of 3rd period - Shot Blocked by Vladislav Namestnikov.
11:29 of 3rd period - Puck is out of play.
11:30 of 3rd period - Dylan Larkin wins face-off versus Connor McDavid in Montreal Canadiens zone.
12:03 of 3rd period - Wrist shot by Mason Appleton.
12:03 of 3rd period - Deflect By Adam Lowry.
12:03 of 3rd period - Shot Misses the Net.
12:03 of 3rd period - Puck is out of play.
12:04 of 3rd period - Jake Evans wins face-off versus Connor Bedard in Montreal Canadiens zone.
12:04 of 3rd period - Jake Evans is hit by Jason Zucker.
12:10 of 3rd period - Oliver Kylington is hit by Martin Necas and loses puck.
12:36 of 3rd period - Wrist shot by Martin Necas.
12:36 of 3rd period - Shot Blocked by Adam Lowry.
12:38 of 3rd period - Slapshot by Ilya Lyubushkin.
12:38 of 3rd period - Deflect By Patrik Laine.
12:38 of 3rd period - Shot Blocked by Barclay Goodrow.
12:38 of 3rd period - Puck is out of play.
12:39 of 3rd period - Dylan Larkin wins face-off versus Connor McDavid in Winnipeg Jets zone.
13:07 of 3rd period - Icing by Jonathan Marchessault.
13:08 of 3rd period - Dylan Larkin wins face-off versus Adam Lowry in Montreal Canadiens zone.
13:17 of 3rd period - Snap shot by Dylan Larkin.
13:17 of 3rd period - Deflect By Jonathan Marchessault.
13:17 of 3rd period - Shot Misses the Net.
13:17 of 3rd period - Puck is out of play.
13:18 of 3rd period - Connor McDavid wins face-off versus Martin Necas in Winnipeg Jets zone.
13:45 of 3rd period - Olen Zellweger is hit by Jonathan Marchessault and loses puck.
14:11 of 3rd period - Icing by Luke Glendening.
14:12 of 3rd period - Connor McDavid wins face-off versus Jaden Schwartz in Montreal Canadiens zone.
15:26 of 3rd period - Off-side.
15:27 of 3rd period - Adam Lowry wins face-off versus Jake Evans in neutral zone.
15:30 of 3rd period - Slapshot by Olen Zellweger.
15:30 of 3rd period - Shot Misses the Net.
15:32 of 3rd period - Slapshot by Mason Appleton.
15:32 of 3rd period - Shot Blocked by Martin Necas.
15:36 of 3rd period - Wrist shot by Adam Lowry.
15:36 of 3rd period - Stopped by Jet Greaves with a rebound.
15:38 of 3rd period - Snap shot by Olen Zellweger.
15:38 of 3rd period - Stopped by Jet Greaves with a rebound.
15:40 of 3rd period - Slapshot by Barclay Goodrow.
15:40 of 3rd period - Stopped by Jet Greaves with a rebound.
15:42 of 3rd period - Slapshot by Brayden Pachal.
15:42 of 3rd period - Shot Misses the Net.
15:57 of 3rd period - Snap shot by Sam Steel.
15:57 of 3rd period - Stopped by Jet Greaves with a rebound.
15:59 of 3rd period - Backhand shot by Olli Maatta.
15:59 of 3rd period - Stopped by Jet Greaves with a rebound.
16:01 of 3rd period - Snap shot by Sam Steel.
16:01 of 3rd period - Stopped by Jet Greaves with a rebound.
16:13 of 3rd period - Snap shot by Alexis Lafreniere.
16:13 of 3rd period - Shot Blocked by Vincent Trocheck.
16:15 of 3rd period - Snap shot by Connor McDavid.
16:15 of 3rd period - Shot Blocked by Vincent Trocheck.
16:56 of 3rd period - Snap shot by Patrik Laine.
16:56 of 3rd period - Stopped by Ukko-Pekka Luukkonen without a rebound.
16:57 of 3rd period - Luke Glendening wins face-off versus Ridly Greig in Winnipeg Jets zone.
16:58 of 3rd period - Snap shot by Jaden Schwartz.
16:58 of 3rd period - Shot Blocked by Oliver Kylington.
17:00 of 3rd period - Wrist shot by Aliaksei Protas.
17:00 of 3rd period - Shot Blocked by Nate Schmidt.
17:22 of 3rd period - Damon Severson is hit by Adam Lowry and loses puck.
17:45 of 3rd period - Wrist shot by Tom Wilson.
17:45 of 3rd period - Deflect By Jonathan Marchessault.
17:45 of 3rd period - Stopped by Jet Greaves with a rebound.
17:47 of 3rd period - Wrist shot by Dylan Samberg.
17:47 of 3rd period - Deflect By Jonathan Marchessault.
17:47 of 3rd period - Goal by Dylan Samberg - Winnipeg Jets : 2 - Montreal Canadiens : 2.
17:48 of 3rd period - Adam Lowry wins face-off versus Luke Glendening in neutral zone.
18:34 of 3rd period - Icing by Tyler Myers.
18:35 of 3rd period - Connor McDavid wins face-off versus Evgeni Dadonov in Montreal Canadiens zone.
18:58 of 3rd period - Snap shot by Evgeni Dadonov.
18:58 of 3rd period - Deflect By Vladislav Namestnikov.
18:58 of 3rd period - Stopped by Ukko-Pekka Luukkonen without a rebound.
18:59 of 3rd period - Luke Glendening wins face-off versus Ridly Greig in Winnipeg Jets zone.
19:06 of 3rd period - Slapshot by Adam Fox.
19:06 of 3rd period - Shot Blocked by Ridly Greig.
19:31 of 3rd period - Snap shot by Martin Necas.
19:31 of 3rd period - Stopped by Ukko-Pekka Luukkonen without a rebound.
19:32 of 3rd period - Luke Glendening wins face-off versus Adam Lowry in Winnipeg Jets zone.
19:39 of 3rd period - Snap shot by Aliaksei Protas.
19:39 of 3rd period - Stopped by Ukko-Pekka Luukkonen without a rebound.
19:40 of 3rd period - Luke Glendening wins face-off versus Adam Lowry in Winnipeg Jets zone.
19:40 of 3rd period - Luke Glendening is hit by Dylan Samberg.
19:49 of 3rd period - Minor Penalty to Barclay Goodrow for Holding.
19:50 of 3rd period - Vasili Ponomarev wins face-off versus Connor McDavid in Winnipeg Jets zone.
19:54 of 3rd period - Wrist shot by Martin Necas.
19:54 of 3rd period - Stopped by Ukko-Pekka Luukkonen with a rebound.
Goals for this period are 1 for Winnipeg Jets vs 0 for Montreal Canadiens.
Shots for this period are 10 for Winnipeg Jets vs 13 for Montreal Canadiens.
Overtime #1
0:01 of 1st overtime period - Vincent Trocheck wins face-off versus Connor McDavid in neutral zone.
0:27 of 1st overtime period - Oliver Kylington is hit by Adam Fox and loses puck.
1:49 of 1st overtime period - Penalty to Barclay Goodrow is over, Barclay Goodrow is back on ice.
2:00 of 1st overtime period - Tyler Myers is hit by Tom Wilson and loses puck.
3:57 of 1st overtime period - Ilya Lyubushkin is hit by Jason Zucker and loses puck.
Goals for this period are 0 for Winnipeg Jets vs 0 for Montreal Canadiens.
Shots for this period are 0 for Winnipeg Jets vs 0 for Montreal Canadiens.
ShootOut
5:00 of 1st overtime period - Round #1.
5:00 of 1st overtime period - Winnipeg Jets, Connor McDavid.
5:00 of 1st overtime period - Wrist shot by Connor McDavid.
5:00 of 1st overtime period - Goal by Connor McDavid.
5:00 of 1st overtime period - Montreal Canadiens, Patrik Laine.
5:00 of 1st overtime period - Deke by Patrik Laine.
5:00 of 1st overtime period - Goal by Patrik Laine.
5:00 of 1st overtime period - Round #2.
5:00 of 1st overtime period - Winnipeg Jets, Connor Bedard.
5:00 of 1st overtime period - Wrist shot by Connor Bedard.
5:00 of 1st overtime period - Goal by Connor Bedard.
5:00 of 1st overtime period - Montreal Canadiens, Vincent Trocheck.
5:00 of 1st overtime period - Deke by Vincent Trocheck.
5:00 of 1st overtime period - Stopped by Ukko-Pekka Luukkonen.
5:00 of 1st overtime period - Round #3.
5:00 of 1st overtime period - Winnipeg Jets, Alexis Lafreniere.
5:00 of 1st overtime period - Deke by Alexis Lafreniere.
5:00 of 1st overtime period - Stopped by Jet Greaves.
5:00 of 1st overtime period - Montreal Canadiens, Martin Necas.
5:00 of 1st overtime period - Snap shot by Martin Necas.
5:00 of 1st overtime period - Goal by Martin Necas.
5:00 of 1st overtime period - Round #4.
5:00 of 1st overtime period - Winnipeg Jets, Tom Wilson.
5:00 of 1st overtime period - Backhand shot by Tom Wilson.
5:00 of 1st overtime period - Goal by Tom Wilson.
5:00 of 1st overtime period - Montreal Canadiens, Jonathan Marchessault.
5:00 of 1st overtime period - Deke by Jonathan Marchessault.
5:00 of 1st overtime period - Shot Misses the Net.
Back to the Top